 Dungeon Crawl Stone Soup version 0.20-a0-540-ge6d1839 (webtiles) character file.

9746 Rhoefr the Covert (level 11, 0/52 HPs)
             Began as a Vine Stalker Assassin on Jan 29, 2017.
             Was a Follower of Uskayaw.
             Slain by an orc warrior
             ... wielding a +0 short sword of flaming
              (2 damage)
             ... on level 11 of the Dungeon.
             The game lasted 00:35:25 (8901 turns).

Rhoefr the Covert (Vine Stalker Assassin)           Turns: 8901, Time: 00:35:25

Health: 0/52       AC: 14    Str: 14    XL:     11   Next: 51%
Magic:  0/24       EV: 15    Int: 15    God:    Uskayaw [*.....]
Gold:   732        SH:  7    Dex: 24    Spells: 10/10 levels left

rFire    + . .     SeeInvis .   Q - +1 dagger (freeze)
rCold    + + .     Gourm    .   e - +2 ring mail {rC+}
rNeg     . . .     Faith    .   q - +0 buckler
rPois    +         Spirit   +   l - +2 helmet
rElec    .         Reflect  .   d - +0 cloak
rCorr    .         Harm     .   E - +0 pair of gloves
MR       +....                  (no boots)
Stlth    +++++.....             K - amulet "Caithrui" {+Rage rPois Dex+5}
Regen    0.6/turn               Y - ring of protection from fire
                                L - ring "Curent" {rC+ MP+9 Int+4}

@: no status effects
A: fangs 3, regeneration 1, magic shield, antimagic bite, no potion heal 3, rot
immunity
a: Stomp, Renounce Religion, Evoke Berserk Rage


You were on level 11 of the Dungeon.
You worshipped Uskayaw.
Uskayaw was noncommittal.
You were very hungry.

You visited 2 branches of the dungeon, and saw 12 of its levels.

You collected 732 gold pieces.

Inventory:

Hand Weapons
 a - a +2 dagger
 b - a +0 blowgun
 M - a +0 dagger of speed
 N - a +3 dagger
 Q - a +1 dagger of freezing (weapon)
Missiles
 f - 2 curare-tipped needles
 s - 69 poisoned needles
Armour
 c - a +0 robe
 d - a +0 cloak (worn)
 e - a +2 ring mail of cold resistance (worn)
 l - a +2 helmet (worn)
 q - a +0 buckler (worn)
 E - a +0 pair of gloves (worn)
Jewellery
 u - an uncursed ring of poison resistance
 x - an uncursed ring of fire
 K - the amulet "Caithrui" (around neck) {+Rage rPois Dex+5}
   (You found it on level 8 of the Dungeon)

   [amulet of rage]

   It affects your dexterity (+5).
   It protects you from poison.
   It lets you go berserk.
 L - the ring "Curent" (left hand) {rC+ MP+9 Int+4}
   (You found it on level 9 of the Dungeon)

   [ring of protection from cold]

   It affects your intelligence (+4).
   It protects you from cold.
   It affects your magic capacity (+9).
 Y - a ring of protection from fire (right hand)
 Z - an uncursed ring of stealth
Wands
 B - a wand of disintegration (16/24)
 I - a wand of clouds (9/9)
 J - a wand of flame (17/48)
 O - a wand of polymorph (11/24)
 S - a wand of digging (6/24)
 T - a wand of iceblast (4/15)
 V - a wand of flame (11/48)
 W - a wand of disintegration (12/24)
 X - a wand of paralysis (6/24)
Scrolls
 k - a scroll of recharging
 m - 6 scrolls of teleportation
 n - 2 scrolls of amnesia
 o - a scroll of fog {unknown}
 p - a scroll of vulnerability {unknown}
 v - a scroll of blinking
 y - 6 scrolls of remove curse
 H - 5 scrolls of identify
 R - a scroll of acquirement {unknown}
 U - a scroll of enchant armour {unknown}
Potions
 h - 3 potions of curing
 i - 2 potions of haste
 j - 3 potions of flight
 z - a potion of ambrosia
 A - a potion of magic {unknown}
 D - a potion of lignification
 G - 3 potions of might
Books
 w - a book of the Earth

   Spells                             Type                      Level
   a - Leda's Liquefaction            Hexes/Earth                  4
   b - Bolt of Magma                  Conjuration/Fire/Earth       5
   c - Statue Form                    Transmutation/Earth          6
   d - Iron Shot                      Conjuration/Earth            6
   e - Shatter                        Earth                        9
 F - a book of Necromancy

   Spells                             Type                      Level
   a - Pain                           Necromancy                   1
   b - Animate Skeleton               Necromancy                   1
   c - Vampiric Draining              Necromancy                   3
   d - Regeneration                   Charms/Necromancy            3
   e - Animate Dead                   Necromancy                   4
   f - Control Undead                 Necromancy                   4
Comestibles
 g - 12 bread rations
 r - 11 fruits
 t - 9 meat rations
 C - 4 royal jellies
 P - 6 chunks of flesh


   Skills:
 - Level 3.0 Fighting
 + Level 6.8 Short Blades
 - Level 1.7 Throwing
 * Level 6.3 Armour
 * Level 5.9 Dodging
 * Level 11.3 Stealth
 - Level 7.1 Shields
 + Level 4.6 Invocations


You had 10 spell levels left.
You didn't know any spells.

Dungeon Overview and Level Annotations

Branches:
Dungeon (11/15)            Temple (1/1) D:6             Orc (0/2) D:9
   Lair: D:8-11

Altars:
Ashenzari
Cheibriados
Dithmenos
Elyvilon
Fedhas
Gozag
Hepliaklqana
Kikubaaqudgha
Makhleb
Nemelex Xobeh
Okawaru
Qazlal
Ru
Sif Muna
Trog
Uskayaw
Vehumet
Xom
Yredelemnul
Zin
The Shining One
Beogh

Shops:
D:4 *   D:5 *((   D:6 :

Annotations:
D:5 Alarkh's ghost, amateur DsMo


Innate Abilities, Weirdness & Mutations

You have razor-sharp teeth.
Your natural rate of healing is unusually fast.
When hurt, damage is shared between your health and your magic reserves.
Your bite disrupts and absorbs the magic of your enemies.
Potions cannot restore your health.
You are immune to rotting.


Message History

The orc warrior hits you with a short sword of flaming!
* * * LOW HITPOINT WARNING * * *
You block the orc warrior's attack. The orc barely misses you.
You closely miss the orc. Your bite misses the orc.
The orc is heavily wounded.
You hit the orc but do no damage. You bite the orc. You drain its power.
You feel invigorated.
The orc is heavily wounded.
The orc warrior completely misses you. The orc warrior barely misses you.
The orc closely misses you.
You can now pass through a line of other dancers.
You stomp with the beat, sending a shockwave through the revelers around you!
You kill the orc!
You kill the orc warrior!
The orc warrior is almost dead.
You feel somewhat more hungry.
You can no longer pass through a line of other dancers.
The orc warrior hits you with a short sword of flaming!
* * * LOW HITPOINT WARNING * * *
The orc warrior burns you.
You die...

.#........... #....#.........
)#................#....'.........
.')...............#....#........†
.#)...............#....#........<
.#....)...........#....#.........
.#..).............########..###..
.##...#######.....# ....##..###..
.##...##...##...o)#.....#........
.##....#.......)@)....._#........
..#....'......).))#.....#........
..#....#.......)..########...##..
..#....#.((.(.)...##....###'###..
###...##..(##.....##.....#...####
##################.....'....#
#......#....# ##....##...##
##....###+##


You could see an orc warrior.

Vanquished Creatures
  3 two-headed ogres
  An ugly thing (D:11)
  Joseph (D:7)
  A gargoyle (D:11)
  Prince Ribbit (D:7)
  4 hippogriffs
  5 yaks (D:9)
  Sigmund (D:4)
  Eustachio (D:5)
  A water moccasin (D:7)
  8 orc warriors
  3 sky beasts
  4 ogres
  An ice beast (D:7)
  A black bear (D:7)
  An eye of draining (D:8)
  A phantom (D:7)
  4 centaurs
  A big kobold (D:6)
  6 bullfrogs
  A wyvern skeleton (D:10)
  5 scorpions
  3 killer bees (D:8)
  6 crimson imps
  A centaur zombie (D:8)
  2 bullfrog zombies
  2 quasits
  Crazy Yiuf (D:4)
  3 hounds
  2 jellies
  7 orc priests
  5 orc wizards
  2 bullfrog skeletons
  2 centaur skeletons
  7 iguanas
  Terence (D:2)
  8 worker ants
  A worker ant zombie (D:6)
  14 gnolls
  6 river rats (D:7)
  10 adders
  A shadow imp (D:5)
  An ooze (D:4)
  An adder skeleton (D:4)
  2 worms
  4 dart slugs
  7 leopard geckos
  65 orcs
  A ball python (D:1)
  7 giant cockroaches
  14 goblins
  10 hobgoblins
  12 jackals
  15 kobolds
  12 quokkas
  3 bats
  4 frilled lizards
  19 rats
316 creatures vanquished.

Vanquished Creatures (others)
  5 toadstools (D:1)
5 creatures vanquished.

Grand Total: 321 creatures vanquished

Notes
Turn   | Place    | Note
-------+----------+-------------------------------------------
     0 | D:1      | Rhoefr the Vine Stalker Assassin began the quest for the Orb.
     0 | D:1      | Reached XP level 1. HP: 11/11 MP: 2/2
   167 | D:1      | Reached XP level 2. HP: 15/15 MP: 3/3
   286 | D:1      | Reached skill level 5 in Stealth
   837 | D:2      | Reached XP level 3. HP: 16/18 MP: 1/4
  1480 | D:2      | Gained mutation: Your natural rate of healing is unusually fast. [Vine Stalker growth]
  1480 | D:2      | Reached XP level 4. HP: 22/23 MP: 5/5
  1751 | D:2      | Reached skill level 6 in Stealth
  1808 | D:3      | Noticed Terence
  1956 | D:2      | Killed Terence
  1956 | D:2      | Reached XP level 5. HP: 5/26 MP: 6/6
  2395 | D:4      | Noticed Sigmund
  2426 | D:4      | Killed Sigmund
  2426 | D:4      | Reached skill level 1 in Armour
  2426 | D:4      | Reached XP level 6. HP: 7/30 MP: 7/7
  2492 | D:4      | Found a runed door.
  2917 | D:4      | Found a deep blue altar of Sif Muna.
  2921 | D:4      | Found an opulent altar of Gozag.
  2924 | D:4      | Found a radiant altar of Vehumet.
  2996 | D:4      | Found Tatitsy's Assorted Antiques.
  3167 | D:4      | Reached skill level 7 in Stealth
  3260 | D:4      | Noticed Crazy Yiuf
  3264 | D:4      | Killed Crazy Yiuf
  3264 | D:4      | Reached skill level 5 in Short Blades
  3264 | D:4      | Reached XP level 7. HP: 34/34 MP: 8/8
  3312 | D:5      | Entered Level 5 of the Dungeon
  3605 | D:5      | Noticed Eustachio
  3607 | D:5      | Found Etuab's Antique Weapon Shop.
  3638 | D:5      | Killed Eustachio
  3643 | D:5      | Found a hazy altar of Hepliaklqana.
  3781 | D:5      | Gained mutation: You have razor-sharp teeth. [Vine Stalker growth]
  3781 | D:5      | Reached XP level 8. HP: 38/38 MP: 9/9
  3809 | D:5      | Reached skill level 1 in Dodging
  3835 | D:5      | Found Dyikhoso's Assorted Antiques.
  3844 | D:5      | Found Wowaast's Weapon Shop.
  3921 | D:5      | Reached skill level 8 in Stealth
  3965 | D:5      | Noticed Alarkh's ghost (amateur DsMo)
  4254 | D:6      | Found a staircase to the Ecumenical Temple.
  4278 | Temple   | Entered the Ecumenical Temple
  4385 | Temple   | Became a worshipper of Uskayaw the Reveler
  4421 | D:6      | Reached * piety under Uskayaw
  4430 | D:6      | Reached ** piety under Uskayaw
  4555 | D:6      | Reached *** piety under Uskayaw
  4933 | D:6      | Reached skill level 1 in Invocations
  5006 | D:6      | Reached XP level 9. HP: 42/42 MP: 9/11
  5080 | D:6      | Found Saolaloq's Book Emporium.
  5167 | D:7      | Noticed Joseph
  5171 | D:7      | Reached skill level 9 in Stealth
  5191 | D:7      | Killed Joseph
  5325 | D:7      | Noticed Prince Ribbit
  5365 | D:7      | Killed Prince Ribbit
  5446 | D:7      | Reached skill level 1 in Shields
  5846 | D:7      | Reached skill level 5 in Shields
  5857 | D:7      | Reached **** piety under Uskayaw
  5862 | D:7      | Reached ***** piety under Uskayaw
  6001 | D:7      | Reached XP level 10. HP: 49/49 MP: 12/12
  6152 | D:8      | Found a glowing silver altar of Zin.
  6154 | D:8      | Found a white marble altar of Elyvilon.
  6160 | D:8      | Found a shimmering altar of Xom.
  6164 | D:8      | Noticed a two-headed ogre
  6215 | D:8      | Killed a two-headed ogre
  6247 | D:8      | Got a faintly glowing bone amulet
  6248 | D:8      | Identified the amulet "Caithrui" {+Rage rPois Dex+5} (You found it on level 8 of the Dungeon)
  6733 | D:8      | Noticed a two-headed ogre
  6760 | D:8      | Killed a two-headed ogre
  6760 | D:8      | Reached skill level 10 in Stealth
  7152 | D:8      | Reached skill level 5 in Armour
  7181 | D:9      | Got a clouded bone ring
  7183 | D:9      | Identified the ring "Curent" {rC+ MP+9 Int+4} (You found it on level 9 of the Dungeon)
  7309 | D:9      | Found a staircase to the Orcish Mines.
  7422 | D:9      | Reached skill level 5 in Dodging
  7953 | D:9      | Reached XP level 11. HP: 48/52 MP: 14/14
  8012 | D:10     | Entered Level 10 of the Dungeon
  8473 | D:11     | Noticed a two-headed ogre
  8478 | D:11     | Killed a two-headed ogre
  8550 | D:11     | Noticed a cyan ugly thing
  8554 | D:11     | Killed a cyan ugly thing
  8554 | D:11     | Reached skill level 11 in Stealth
  8885 | D:11     | Found a roughly hewn altar of Beogh.
  8901 | D:11     | HP: 2/52 [orc warrior/short sword of flaming (13)]
  8901 | D:11     | Slain by an orc warrior

Vault maps used:
D:1:      ldierk_walled_garden
D:2:      first_bread
D:3:      kennysheep_goblin_castle, st_stairs_10, uniq_terence
D:4:      grunt_temple_overflow_diamond, serial_shops, nicolae_shop_crystal,
          kennysheep_generic_room_6, uniq_crazy_yiuf_cottage, uniq_sigmund
D:5:      kennysheep_six_static_rooms, serial_shops, shop, shop,
          kennysheep_mini, basic_altar, uniq_eustachio
D:6:      minmay_temple_entry_statues, serial_shops, nicolae_shop_statue_plus
D:7:      lemuel_ratsnest, uniq_joseph, uniq_prince_ribbit1
D:8:      corexii_shantytown, grunt_temple_overflow_open, basic_altar,
          minmay_misc_feat_square
D:9:      hiddenorc2_lemuel
D:10:     dpeg_oklobed_lair
D:11:     special_room
Temple:   lightli_temple_of_artemis

Skill      XL: |  1  2  3  4  5  6  7  8  9 10 11 |
---------------+----------------------------------+-----
Short Blades   | 2 3 4 5 6 |  6.8
Stealth        | 5 6 7 8 9 10 11 | 11.3
Armour         | 1 2 3 4 5 6 |  6.3
Dodging        | 3 4 5 |  5.9
Fighting       | 2 3 |  3.0
Invocations    | 1 2 3 4 |  4.6
Shields        | 5 7 |  7.1
Throwing       | |  1.7

Action                   |  1- 3 |  4- 6 |  7- 9 | 10-12 || total
-------------------------+-------+-------+-------+-------++-------
Melee: Dagger            |    76 |   191 |   564 |   539 ||  1370
       Bite              |    21 |    66 |   193 |   250 ||   530
 Fire: Blowgun           |       |    12 |     3 |     5 ||    20
Invok: Line Pass         |       |       |     4 |       ||     4
       Stomp             |       |       |     1 |    22 ||    23
  Use: Potion            |       |     1 |       |       ||     1
       Scroll            |       |       |    14 |       ||    14
 Stab: Sleeping          |     7 |     4 |    15 |    24 ||    50
       Distracted        |       |     3 |     1 |     3 ||     7
       Paralysed         |       |       |     8 |    11 ||    19
  Eat: Chunk             |     2 |     5 |    11 |    12 ||    30
Armor: Robe              |    14 |    15 |       |       ||    29
       Ring mail         |       |    39 |   170 |   108 ||   317
Dodge: Dodged            |    29 |    86 |   233 |   217 ||   565
Block: Buckler           |       |       |    41 |   112 ||   153
